Map: Golden Wall LE

Players

Silky

  • Race: Zerg Zerg
  • Spawn Location: 7:00

MCanning - Winner!

  • Race: Protoss Protoss
  • Spawn Location: 5:00

Event: DreamHack SC2 Masters 2020 Fall

VOD

Have the link to the VOD?

Description

Time

  • Played on: Sept. 3, 2020, 5:11 p.m.
  • Length: 10:31

All games in this series

Show
View Real Time Build Order
Export as new Build Order

Silky Zerg 

Build Orders: Pool First 

Get SALT Encoding   

  12  0:17  Spawning Pool  
  11  0:21  Drone  
  11  0:27  Drone  
  13  0:32  Drone  
  14  0:39  Overlord  
  16  1:04  Zergling x6  
  17  1:16  Hatchery  
  16  1:20  Drone  
  17  1:26  Drone  
  18  1:36  Queen  
  18  1:38  Extractor  
  19  1:42  Drone  
  20  1:47  Drone  
  20  2:02  Drone  
  21  2:09  Drone  
  21  2:19  Overlord  
  21  2:27  Queen  
  21  2:28  Drone  
  24  2:31  Drone  
  25  2:39  Drone  
  25  2:42  Drone  
  25  2:43  Drone  
  28  2:44  Drone  
  28  2:45  Drone  
  28  2:47  Metabolic Boost  
  28  2:50  Drone  
  31  2:55  Drone  
  31  3:00  Zergling x2  
  31  3:03  Zergling x2  
  33  3:13  Drone  
  33  3:17  Hatchery  
  33  3:20  Drone  
  33  3:21  Drone  
  33  3:24  Overlord  
  35  3:34  Drone  
  36  3:42  Queen, Overlord  
  36  3:43  Drone  
  36  3:44  Drone x2  
  41  3:53  Drone  
  41  3:55  Drone  
  43  4:03  Spore Crawler  
  43  4:05  Drone x2  
  44  4:15  Drone x2  
  46  4:18  Evolution Chamber  
  45  4:27  Overlord  
  45  4:29  Queen  
  45  4:30  Queen  
  45  4:31  Drone  
  50  4:32  Overlord x3  
  50  4:42  Spore Crawler  
  49  4:46  Zerg Melee Weapons Level 1  
  49  4:47  Drone  
  49  4:48  Drone, Extractor  
  49  4:50  Drone x2  
  49  4:51  Drone x4  
  49  4:52  Drone  
  57  4:53  Drone  
  57  4:55  Drone  
  57  4:56  Drone  
  60  5:00  Drone  
  60  5:02  Drone x2  
  60  5:05  Baneling Nest  
  62  5:11  Drone  
  62  5:13  Drone x2  
  64  5:20  Drone x2  
  64  5:21  Drone  
  67  5:22  Drone  
  67  5:31  Drone x2  
  67  5:32  Drone x2  
  67  5:33  Zergling x2  
  67  5:34  Zergling x2  
  73  5:36  Overlord, Hatchery  
  73  5:39  Zergling x4  
  74  5:44  Overlord  
  74  5:52  Overlord  
  74  5:54  Queen x2, Overlord  
  74  5:55  Zergling x4  
  74  5:57  Zergling x2  
  81  5:58  Zergling x2  
  81  6:01  Overlord  
  81  6:03  Zergling x6  
  85  6:05  Zergling x2  
  85  6:07  Queen  
  85  6:10  Zergling x4  
  90  6:11  Zergling x2  
  90  6:13  Zergling x2  
  90  6:17  Zergling x8  
  95  6:22  Overlord  
  95  6:23  Zergling x2  
  95  6:24  Zergling x2  
  96  6:27  Zergling x6  
  96  6:29  Queen  
  96  6:30  Queen  
  103  6:35  Zergling x4  
  103  6:38  Baneling x8  
  103  6:39  Baneling x2  
  105  6:42  Zergling x8  
  105  6:43  Baneling x2  
  105  6:44  Baneling  
  105  6:46  Queen  
  111  6:48  Zergling x2  
  111  6:50  Drone x2  
  111  6:51  Drone  
  115  6:57  Zergling x6  
  117  7:04  Zergling x14  
  114  7:10  Zerg Ground Armor Level 1  
  114  7:11  Roach Warren  
  114  7:14  Lair  
  108  7:17  Drone  
  108  7:18  Drone x6  
  108  7:21  Spore Crawler  
  114  7:23  Drone x4  
  114  7:29  Extractor x2  
  113  7:30  Zergling x6  
  113  7:31  Zergling x6  
  113  7:33  Zergling x2  
  113  7:35  Drone  
  117  7:40  Drone x2  
  117  7:41  Drone  
  117  7:44  Extractor  
  119  7:50  Drone  
  120  7:57  Roach x4  
  120  7:58  Overlord x5  
  128  8:11  Overlord  
  128  8:13  Glial Reconstitution  
  128  8:16  Queen, Hydralisk Den  
  128  8:17  Drone x5  
  128  8:18  Drone, Roach x2  
  128  8:19  Evolution Chamber  
  138  8:24  Drone  
  138  8:25  Drone x3  
  138  8:27  Drone x3, Spire  
  142  8:28  Extractor  
  142  8:30  Zergling x6  
  142  8:32  Roach  
  148  8:35  Roach  
  150  8:41  Drone x2  
  150  8:43  Extractor  
  150  8:45  Overseer x2  
  148  8:48  Ravager x3  
  148  8:49  Ravager  
  148  8:53  Overseer x2  
  148  8:54  Hatchery  
  138  9:00  Roach x2, Zergling x12  
  138  9:01  Zergling x6  
  140  9:08  Zergling x4  
  140  9:09  Zergling x2  
  133  9:13  Roach x2, Zergling x6, Spawning Pool  
  131  9:18  Zergling x2  
  131  9:19  Roach  
  123  9:28  Zergling x4  
  123  9:30  Overseer x3  
  123  9:31  Overseer  
  112  9:34  Roach, Zergling x4  
  104  9:40  Roach x2  
  104  9:41  Queen  
  104  9:46  Roach  
  104  9:48  Ravager x2  
  108  9:53  Roach x2  
  108  9:56  Roach  
  112  10:00  Roach  
  112  10:01  Roach  
  116  10:08  Zergling x4  
Show
View Real Time Build Order
Export as new Build Order

MCanning Protoss - Winner!

Build Orders:  

Get SALT Encoding   

  12  0:00  Probe  
  13  0:12  Probe  
  14  0:19  Pylon  
  14  0:24  Probe  
  15  0:37  Probe (Chrono Boost)  
  15  0:38  Gateway  
  16  0:47  Assimilator  
  16  0:48  Probe (Chrono Boost)  
  17  0:53  Probe (Chrono Boost)  
  18  1:04  Probe  
  19  1:14  Unknown  
  19  1:16  Probe  
  20  1:24  Pylon  
  20  1:25  Zealot (Chrono Boost)  
  20  1:27  Cybernetics Core  
  20  1:28  Probe  
  23  1:42  Probe  
  23  1:44  Zealot (Chrono Boost)  
  26  1:54  Probe  
  27  2:06  Probe  
  27  2:07  Adept (Chrono Boost)  
  30  2:23  Nexus  
  30  2:27  Probe  
  30  2:39  Probe  
  30  2:42  Pylon  
  31  2:45  Assimilator  
  31  2:59  Stargate  
  31  3:00  Probe  
  31  3:01  Warp Gate  
  32  3:12  Probe  
  33  3:13  Stalker  
  35  3:24  Probe  
  36  3:27  Gateway  
  36  3:35  Void Ray (Chrono Boost)  
  36  3:38  Probe (Chrono Boost)  
  38  3:41  Probe (Chrono Boost)  
  38  3:48  Probe (Chrono Boost)  
  43  3:51  Probe (Chrono Boost)  
  43  3:53  Probe (Chrono Boost)  
  45  4:01  Probe  
  46  4:04  Gateway, Probe  
  47  4:13  Probe  
  47  4:16  Probe  
  49  4:23  Assimilator  
  49  4:25  Probe  
  49  4:27  Pylon  
  49  4:28  Assimilator, Probe (Chrono Boost)  
  51  4:37  Fleet Beacon  
  52  4:40  Probe (Chrono Boost)  
  52  4:43  Probe (Chrono Boost)  
  52  4:45  Nexus  
  53  4:47  Probe (Chrono Boost)  
  53  4:52  Probe, Pylon  
  55  4:54  Probe  
  56  5:04  Probe  
  56  5:07  Probe  
  58  5:15  Robotics Facility  
  58  5:19  Mothership (Chrono Boost)  
  60  5:22  Probe (Chrono Boost)  
  67  5:34  Forge  
  67  5:35  Twilight Council, Probe (Chrono Boost)  
  68  5:44  Gateway, Probe (Chrono Boost)  
  68  5:48  Gateway  
  69  5:53  Pylon  
  69  5:55  Pylon  
  70  6:01  Probe (Chrono Boost)  
  70  6:02  Probe (Chrono Boost)  
  70  6:03  Gateway  
  71  6:06  Shield Battery  
  71  6:07  Probe  
  71  6:10  Probe  
  71  6:11  Immortal (Chrono Boost)  
  73  6:15  Blink (Chrono Boost)  
  77  6:24  Protoss Ground Weapons Level 1 (Chrono Boost), Photon Cannon  
  75  6:26  Sentry  
  75  6:27  Sentry  
  75  6:29  Probe  
  80  6:33  Probe  
  80  6:39  Immortal (Chrono Boost)  
  85  6:41  Probe  
  86  6:47  Gateway  
  86  6:53  Gateway  
  86  6:54  Gateway  
  86  6:58  Adept  
  86  6:59  Gateway  
  88  7:02  Sentry  
  88  7:05  Sentry  
  88  7:08  Probe x2  
  92  7:11  Probe  
  92  7:12  Immortal (Chrono Boost)  
  93  7:19  Gateway  
  93  7:20  Adept x2, Probe  
  93  7:22  Probe  
  99  7:29  Sentry  
  101  7:33  Pylon  
  101  7:35  Pylon  
  101  7:37  Pylon x2  
  101  7:48  Photon Cannon  
  101  7:51  Warp Prism (Chrono Boost), Probe x2  
  101  7:52  Assimilator, Sentry, Pylon  
  101  7:57  Stalker  
  109  8:02  Stalker  
  109  8:03  Pylon  
  111  8:09  Stalker  
  111  8:10  Stalker x2  
  117  8:15  Pylon  
  117  8:16  Stalker  
  119  8:22  Stalker x2  
  123  8:30  Stalker x2  
  123  8:31  Stalker  
  129  8:58  Stalker x4  
  129  8:59  Stalker x4  
  129  9:01  Probe  
  140  9:04  Probe  
  141  9:10  Stalker  
  141  9:13  Probe  
  141  9:14  Probe  
  145  9:21  Stalker x2  
  145  9:22  Stalker x2  
  123  9:39  Stalker x5  
  131  9:48  Probe  
  131  9:50  Assimilator  
  131  9:51  Stalker x3  
  138  10:05  Observer  
  139  10:08  Nexus  
  137  10:16  Stalker  
  137  10:17  Stalker x6  

Tags
 
Add a new tag
Caveats
  • Supply blocks, unpowered buildings, or Contaminate may cause inaccurate times.
  • Supply counts are checked every 10 seconds.